 Dungeon Crawl Stone Soup version 0.32-a0-675-gdc239d62e1 (console) character file.

Game seed: 4793261837215452934

527 jejorda2 the Poker (level 7, -2/79 (84) HPs)
             Began as a Coglin Berserker on Mar 11, 2024.
             Was a Priest of Trog.
             Slain by a wight
             ... wielding a +2 scimitar
              (6 damage)
             ... on level 4 of the Dungeon.
             The game lasted 00:06:11 (3168 turns).

jejorda2 the Poker (Coglin Berserker)               Turns: 3168, Time: 00:06:14

HP:   -2/79 (84)    AC:  5    Str: 19    XL:     7   Next: 23%
MP:   7/7           EV: 11    Int:  6    God:    Trog [***...]
Gold: 229           SH:  0    Dex: 14    Spells: 6/6 levels left

rFire   . . .        l - +0 trident {Haoran}
rCold   . . .        d - +0 spear {Doyun}
rNeg    . . .        m - +0 ring mail
rPois   .            (no helmet)
rElec   .            (no cloak)
rCorr   .            (no gloves)
SInv    .            (no boots)
Will    .....        (amulet unavailable) Stlth
                     (ring unavailable)
HPRegen 0.33/turn    (ring unavailable)
MPRegen 0.10/turn    (no gizmo)

%: no passive effects
@: berserking, drained, revving, very quick
A: off-hand wielding, slow wielding, warmup strikes, no jewellery
a: Invent Gizmo, Renounce Religion, Berserk, Trog's Hand


You were on level 4 of the Dungeon.
You worshipped Trog.
Trog was most pleased with you.
You visited 1 branch of the dungeon, and saw 5 of its levels.

You collected 229 gold pieces.

Inventory:

Hand Weapons
 d - a +0 spear (offhand) {Doyun}
 l - a +0 trident (weapon) {Haoran}
Missiles
 j - 5 poisoned darts (quivered)
 o - 5 silver javelins
Armour
 m - a +0 ring mail (worn)
Wands
 a - a wand of flame (42)
Scrolls
 c - 2 scrolls of immolation {unknown}
 g - a scroll of fear {unknown}
 h - 2 scrolls of teleportation {unknown}
 i - 3 scrolls of enchant weapon {unknown}
 k - a scroll of identify {unknown}
 n - a scroll of vulnerability {unknown}
 p - a scroll of fog {unknown}
 q - a scroll of poison {unknown}
 r - a scroll of enchant armour {unknown}
Potions
 b - a potion of heal wounds {unknown}
 e - 2 potions of degeneration {unknown}
 f - a potion of resistance {unknown}


   Skills:
 + Level 5.1 Fighting
 * Level 6.0 Polearms
 - Level 1.7 Armour
 - Level 1.7 Dodging
 + Level 1.6 Evocations


You had 6 spell levels left.
You didn't know any spells.
Your spell library was empty.

Dungeon Overview and Level Annotations

Branches:
Dungeon (5/15)
 Temple: D:4-7

Altars:

Shops:
D:3 (


Innate Abilities, Weirdness & Mutations

You can wield a second weapon in your off-hand.
It takes a long time for you to wield or remove held weapons.
Your first few attacks do less damage.
You cannot equip rings or amulets.


Message History

You see here a ring of flight.
Items here: ) [.
There is a stone staircase leading down here.
You climb downwards.
The gnoll shouts! x2
The jelly quivers.
There is a stone staircase leading up here.
There are monsters nearby!
You reach to attack!
You hit the jelly with your +0 trident.
The jelly is lightly wounded.
You hit the jelly with your +0 spear.
You reach to attack!
You hit the jelly with your +0 spear.
The jelly is severely wounded.
You puncture the jelly with your +0 trident!
You kill the jelly!
Trog accepts your kill.
You reach to attack!
You hit the wight but do no damage.
You barely miss the wight with your +0 trident.
The wight hits you with a +3 flail! The wight hits you with a +2 scimitar!
You climb upwards.
There is a stone staircase leading down here.
Unknown command.
You barely miss the wight with your +0 spear.
You hit the wight but do no damage. The wight hits you with a +2 scimitar!
The wight hits you with a +3 flail!
You are too injured to fight recklessly!
You are too injured to fight recklessly!
You are too injured to fight recklessly!
You are too injured to fight recklessly!
A red film seems to cover your vision as you go berserk!
You feel yourself moving faster!
You feel mighty! The wight closely misses you.
The wight hits you with a +3 flail!
* * * LOW HITPOINT WARNING * * *
You hit the wight with your +0 spear.
The wight is moderately damaged.
You closely miss the wight with your +0 trident.
The wight hits you with a +2 scimitar!
* * * LOW HITPOINT WARNING * * *
You feel drained.
You die...

#....#.#.......## ###.#
#...>#.#.......# #....
#...##.#.......## #.#.#
##.....##.......###.#.#
#.######.#####.##....#
#.# ####.#####.##..###
#.# #.......##.##..###
#.###z##.##.##.##.....
#...z@##.##.##.##..###
########...........###
###########.##. #.##.
#.##. #.... ###.. #..
##.


You could see 2 wights.

Vanquished Creatures
  Sigmund (D:3)
  A jelly (D:5)
  A gnoll bouda (D:4)
  2 iguanas (D:4)
  Terence (D:3)
  Ijyb (D:4)
  6 gnolls
  4 adders
  4 dart slugs
  7 orcs
  9 bats
  8 endoplasms
  A giant cockroach (D:2)
  10 goblins
  4 hobgoblins
  6 jackals (D:3)
  3 quokkas
  10 ball pythons
  4 frilled lizards
  9 kobolds
  3 rats
95 creatures vanquished.

Notes
Turn   | Place    | Note
-------+----------+-------------------------------------------
     0 | D:1      | jejorda2 the Coglin Berserker began the quest for the Orb.
     0 | D:1      | Reached XP level 1. HP: 18/18 MP: 1/1
    19 | D:1      | Reached skill level 3 in Polearms
    19 | D:1      | Reached XP level 2. HP: 24/24 MP: 2/2
   339 | D:1      | Reached XP level 3. HP: 29/29 MP: 3/3
   929 | D:2      | Reached XP level 4. HP: 36/37 MP: 4/4
  1034 | D:2      | Reached ** piety under Trog
  1072 | D:2      | Reached skill level 4 in Polearms
  1113 | D:2      | Found a faded altar of an unknown god.
  1421 | D:3      | Noticed Terence
  1429 | D:3      | Killed Terence
  1430 | D:3      | Reached XP level 5. HP: 35/42 MP: 5/5
  1552 | D:3      | Found Wyshrat's Weapon Emporium.
  1757 | D:3      | Noticed Sigmund
  1765 | D:3      | Killed Sigmund
  1766 | D:3      | Reached skill level 5 in Polearms
  1766 | D:3      | Reached XP level 6. HP: 49/49 MP: 6/6
  2248 | D:4      | Noticed Ijyb
  2256 | D:4      | Killed Ijyb
  2449 | D:4      | Reached skill level 5 in Fighting
  2592 | D:4      | Reached *** piety under Trog
  2928 | D:4      | Reached skill level 1 in Evocations
  2928 | D:4      | Reached XP level 7. HP: 53/56 MP: 7/7
  2952 | D:4      | Reached skill level 6 in Polearms
  3160 | D:5      | Entered Level 5 of the Dungeon
  3168 | D:4      | HP: 4/84 [wight/+2 scimitar (16)]
  3168 | D:4      | Slain by a wight

Illustrated notes

Levels and vault maps discovered:
D:1:      dpeg_arrival_simpleton_b, layout_loops_ring, serial_co_window_serial,
          co_window_corner_a, co_window_paths_b, co_window_paths_b,
          co_window_paths_b, co_window_corner_a, co_window_broadway_a,
          co_window_of_opportunity_c, co_window_unsneaky_path_b,
          co_window_paths_e, glass_columns_b, glass_columns_a, glass_columns_c,
          minivault_27
D:2:      layout_rooms, shapermc_ecumenical_altar_ellora, corexii_shack
D:3:      layout_loops_ring, serial_shops, shop, hex_large, minivault_23,
          uniq_sigmund, uniq_terence
D:4:      layout_loops_cross, minmay_goblin_outpost, uniq_ijyb
D:5:      layout_cave_pools, nemelex_diamond_rough_becter, xom_redecorated,
          elyvilon_altar_3, minmay_temple_entry_mini_moons

Skill      XL: |  1  2  3  4  5  6  7 |
---------------+----------------------+-----
Polearms       | 3 4 5 6 |  6.0
Fighting       | 4 5 |  5.1
Evocations     | 1 |  1.6
Armour         | |  1.7
Dodging        | |  1.7

Action                     |  1- 3 |  4- 6 |  7- 9 || total
---------------------------+-------+-------+-------++-------
  Melee: Spear             |   125 |   125 |    27 ||   277
         Dagger            |     3 |       |       ||     3
         Trident           |       |    90 |    27 ||   117
 Invoke: Berserk           |     1 |     1 |     1 ||     3
   Stab: Sleeping          |     1 |     2 |       ||     3
 Armour: Animal skin       |    15 |    12 |       ||    27
         Ring mail         |       |    22 |    15 ||    37
  Dodge: Dodged            |    38 |    33 |     9 ||    80

Table legend: (Time is in decaauts)
 A = Elapsed time spent in this place.
 B = Non-inter-level travel time spent in this place.
 C = Inter-level travel time spent in this place.
 D = Time resting spent in this place.
 E = Time spent auto-exploring this place.
 F = Levels seen in this place.
 G = Mean time per level.
                   A        B        C        D        E       F      G
               +--------+--------+--------+--------+--------+-----+--------+
         Total |   3176 |   3049 |    127 |     72 |   2372 |   5 |  635.2 |
       Dungeon |   3176 |   3049 |    127 |     72 |   2372 |   5 |  635.2 |
               +--------+--------+--------+--------+--------+-----+--------+

Top non-repeatable levels by time:
     D:4: 956 daAuts
     D:1: 870 daAuts
     D:3: 835 daAuts
     D:2: 509 daAuts
     D:5: 4 daAuts
